% Time on Ice - SPOKANE KNIGHTS
Lines # - Real PCT - Wanted PCT - Time Play
Normal Forward
1 - 32% - 35% - 16:14
2 - 31% - 35% - 15:53
3 - 19% - 15% - 9:54
4 - 18% - 15% - 8:55
Normal Defense
1 - 41% - 30% - 21:03
2 - 29% - 30% - 14:48
3 - 22% - 25% - 10:59
4 - 8% - 15% - 4:06
PP Forward
1 - 42% - 60% - 1:22
2 - 58% - 40% - 1:51
PP Defense
1 - 57% - 60% - 1:50
2 - 43% - 40% - 1:23
PK Forward
1 - 59% - 50% - 2:03
2 - 41% - 50% - 1:26
PK Defense
1 - 32% - 60% - 1:06
2 - 68% - 40% - 2:23
PK3 Forward
1 - 0% - 60%
2 - 0% - 40%
PK3 Defense
1 - 0% - 60%
2 - 0% - 40%
44 Forward
1 - 71% - 50% - 1:25
2 - 29% - 50% - 0:34
44 Defense
1 - 71% - 60% - 1:25
2 - 29% - 40% - 0:34
Last Minute Offensive  - 0:00
Last Minute Defensive  - 0:23
Total
Forward - 60:00
Defense - 60:00
% Time on Ice - KELOWNA ROCKETS
Lines # - Real PCT - Wanted PCT - Time Play
Normal Forward
1 - 35% - 36% - 17:42
2 - 35% - 36% - 17:36
3 - 25% - 28% - 12:27
4 - 6% - 0% - 3:03
Normal Defense
1 - 37% - 37% - 18:41
2 - 34% - 35% - 17:02
3 - 30% - 28% - 15:05
4 - 0% - 0% - 0:00
PP Forward
1 - 53% - 55% - 1:51
2 - 47% - 45% - 1:38
PP Defense
1 - 42% - 65% - 1:28
2 - 58% - 35% - 2:01
PK Forward
1 - 84% - 65% - 2:42
2 - 16% - 35% - 0:31
PK Defense
1 - 64% - 55% - 2:03
2 - 36% - 45% - 1:10
PK3 Forward
1 - 0% - 60%
2 - 0% - 40%
PK3 Defense
1 - 0% - 55%
2 - 0% - 45%
44 Forward
1 - 74% - 55% - 1:28
2 - 26% - 45% - 0:31
44 Defense
1 - 45% - 55% - 0:54
2 - 55% - 45% - 1:05
Last Minute Offensive  - 0:31
Last Minute Defensive  - 0:00
Total
Forward - 60:00
Defense - 60:00
Play-by-Play 1st period 0:01 of 1st period - Sebastian Aho wins face-off versus Auston Matthews in neutral zone. 0:09 of 1st period - Icing by Dmitri Orlov. 0:10 of 1st period - Maxim Mamin wins face-off versus Auston Matthews in KELOWNA ROCKETS zone. 0:10 of 1st period - Maxim Mamin is hit by Dmitri Orlov. 0:12 of 1st period - Shot by Tanner Pearson. 0:12 of 1st period - Stopped by Craig Anderson without a rebound. 0:13 of 1st period - Anthony Cirelli wins face-off versus Luke Glendening in KELOWNA ROCKETS zone. 0:24 of 1st period - Shot by Anthony Cirelli. 0:24 of 1st period - Deflect By Tyler Bertuzzi. 0:24 of 1st period - Stopped by Frederik Andersen without a rebound. 0:25 of 1st period - Maxim Mamin wins face-off versus Parker Kelly in SPOKANE KNIGHTS zone. 1:24 of 1st period - Shot by Tyler Bertuzzi. 1:24 of 1st period - Shot Misses the Net. 1:37 of 1st period - Icing by Adam Fox. 1:38 of 1st period - Anthony Cirelli wins face-off versus Sebastian Aho in KELOWNA ROCKETS zone. 1:49 of 1st period - Shot by Corey Perry. 1:49 of 1st period - Deflect By Sebastian Aho. 1:49 of 1st period - Shot Misses the Net. 1:51 of 1st period - Shot by Alex Formenton. 1:51 of 1st period - Goal by Alex Formenton - SPOKANE KNIGHTS : 1 - KELOWNA ROCKETS : 0. 1:52 of 1st period - Auston Matthews wins face-off versus Mitchell Stephens in neutral zone. 2:01 of 1st period - Shot by Pavel Buchnevich. 2:01 of 1st period - Deflect By Alexander Ovechkin. 2:01 of 1st period - Shot Blocked by Matt Irwin. 2:09 of 1st period - Shot by Alexander Ovechkin. 2:09 of 1st period - Shot Misses the Net. 2:11 of 1st period - Shot by Pavel Buchnevich. 2:11 of 1st period - Stopped by Frederik Andersen with a rebound. 2:50 of 1st period - Shot by Valeri Nichushkin. 2:50 of 1st period - Shot Misses the Net. 3:05 of 1st period - Valeri Nichushkin is hit by Nicolas Deslauriers and loses puck. 3:11 of 1st period - Anthony Cirelli is hit by Nicolas Deslauriers and loses puck. 3:19 of 1st period - Valeri Nichushkin is hit by Nicolas Deslauriers and loses puck. 3:33 of 1st period - Minor Penalty to Nicolas Deslauriers for Tripping. 3:34 of 1st period - Auston Matthews wins face-off versus Luke Glendening in SPOKANE KNIGHTS zone. 5:04 of 1st period - Shot by Alexander Ovechkin. 5:04 of 1st period - Shot Misses the Net. 5:06 of 1st period - Shot by Auston Matthews. 5:06 of 1st period - Shot Misses the Net. 7:12 of 1st period - Tanner Pearson is hit by Dakota Mermis and loses puck. 7:53 of 1st period - Shot by Nick Foligno. 7:53 of 1st period - Stopped by Craig Anderson without a rebound. 7:54 of 1st period - Auston Matthews wins face-off versus Corey Perry in KELOWNA ROCKETS zone. 8:15 of 1st period - Shot by Auston Matthews. 8:15 of 1st period - Shot Misses the Net. 8:46 of 1st period - Icing by Michael Stone. 8:47 of 1st period - Anthony Cirelli wins face-off versus Joseph Veleno in SPOKANE KNIGHTS zone. 9:02 of 1st period - Shot by Tyler Bertuzzi. 9:02 of 1st period - Deflect By Valeri Nichushkin. 9:02 of 1st period - Shot Misses the Net. 9:06 of 1st period - Shot by Valeri Nichushkin. 9:06 of 1st period - Deflect By Tyler Bertuzzi. 9:06 of 1st period - Stopped by Frederik Andersen without a rebound. 9:07 of 1st period - Luke Glendening wins face-off versus Parker Kelly in SPOKANE KNIGHTS zone. 9:30 of 1st period - Shot by Parker Kelly. 9:30 of 1st period - Deflect By J.T. Compher. 9:30 of 1st period - Stopped by Frederik Andersen without a rebound. 9:31 of 1st period - Auston Matthews wins face-off versus Maxim Mamin in SPOKANE KNIGHTS zone. 9:40 of 1st period - Shot by Alexander Ovechkin. 9:40 of 1st period - Deflect By Auston Matthews. 9:40 of 1st period - Shot Misses the Net. 9:42 of 1st period - Shot by Pavel Buchnevich. 9:42 of 1st period - Stopped by Frederik Andersen without a rebound. 9:43 of 1st period - Anthony Cirelli wins face-off versus Sebastian Aho in SPOKANE KNIGHTS zone. 9:54 of 1st period - Shot by Tyler Bertuzzi. 9:54 of 1st period - Stopped by Frederik Andersen with a rebound. 9:59 of 1st period - Icing by Evan Bouchard. 10:00 of 1st period - Auston Matthews wins face-off versus Sebastian Aho in SPOKANE KNIGHTS zone. 10:34 of 1st period - Shot by Auston Matthews. 10:34 of 1st period - Shot Misses the Net. 10:36 of 1st period - Shot by Pavel Buchnevich. 10:36 of 1st period - Shot Misses the Net. 10:58 of 1st period - Shot by Valeri Nichushkin. 10:58 of 1st period - Deflect By Tyler Bertuzzi. 10:58 of 1st period - Shot Misses the Net. 11:17 of 1st period - Shot by Tyler Bertuzzi. 11:17 of 1st period - Stopped by Frederik Andersen without a rebound. 11:18 of 1st period - Maxim Mamin wins face-off versus Parker Kelly in SPOKANE KNIGHTS zone. 11:20 of 1st period - Tanner Pearson is hit by Parker Kelly and loses puck. 11:29 of 1st period - Shot by Nick Bjugstad. 11:29 of 1st period - Stopped by Craig Anderson without a rebound. 11:30 of 1st period - Nick Foligno wins face-off versus Anthony Cirelli in KELOWNA ROCKETS zone. 11:39 of 1st period - Shot by Nick Foligno. 11:39 of 1st period - Deflect By Luke Glendening. 11:39 of 1st period - Stopped by Craig Anderson without a rebound. 11:40 of 1st period - Parker Kelly wins face-off versus Maxim Mamin in KELOWNA ROCKETS zone. 11:51 of 1st period - Shot by Tanner Pearson. 11:51 of 1st period - Shot Misses the Net. 11:53 of 1st period - Shot by Tanner Pearson. 11:53 of 1st period - Stopped by Craig Anderson with a rebound. 11:55 of 1st period - Shot by Tanner Pearson. 11:55 of 1st period - Goal by Tanner Pearson - SPOKANE KNIGHTS : 2 - KELOWNA ROCKETS : 0. 11:56 of 1st period - Anthony Cirelli wins face-off versus Luke Glendening in neutral zone. 12:21 of 1st period - Shot by Nick Foligno. 12:21 of 1st period - Stopped by Craig Anderson without a rebound. 12:22 of 1st period - Auston Matthews wins face-off versus Maxim Mamin in KELOWNA ROCKETS zone. 12:31 of 1st period - Shot by Pavel Buchnevich. 12:31 of 1st period - Stopped by Frederik Andersen without a rebound. 12:32 of 1st period - Mitchell Stephens wins face-off versus Auston Matthews in SPOKANE KNIGHTS zone. 12:41 of 1st period - Shot by Dmitri Jaskin. 12:41 of 1st period - Stopped by Craig Anderson without a rebound. 12:42 of 1st period - Maxim Mamin wins face-off versus Parker Kelly in KELOWNA ROCKETS zone. 12:50 of 1st period - Tanner Pearson is hit by Duncan Keith and loses puck. 12:54 of 1st period - Icing by Duncan Keith. 12:55 of 1st period - Sebastian Aho wins face-off versus Parker Kelly in KELOWNA ROCKETS zone. 12:56 of 1st period - Shot by Corey Perry. 12:56 of 1st period - Stopped by Craig Anderson with a rebound. 13:18 of 1st period - Shot by Sebastian Aho. 13:18 of 1st period - Shot Blocked by Duncan Keith. 13:32 of 1st period - Shot by Alex Formenton. 13:32 of 1st period - Shot Blocked by Duncan Keith. 13:34 of 1st period - Shot by Evan Bouchard. 13:34 of 1st period - Stopped by Craig Anderson with a rebound. 13:36 of 1st period - Shot by Evan Bouchard. 13:36 of 1st period - Shot Blocked by Duncan Keith. 14:13 of 1st period - Pavel Buchnevich is hit by Nick Bjugstad and loses puck. 14:28 of 1st period - Shot by Alexander Ovechkin. 14:28 of 1st period - Stopped by Frederik Andersen without a rebound. 14:29 of 1st period - Luke Glendening wins face-off versus Anthony Cirelli in SPOKANE KNIGHTS zone. 14:29 of 1st period - Luke Glendening is hit by Tyler Bertuzzi. 15:03 of 1st period - Shot by Tyler Bertuzzi. 15:03 of 1st period - Shot Misses the Net. 15:38 of 1st period - Off-side. 15:39 of 1st period - Auston Matthews wins face-off versus Mitchell Stephens in neutral zone. 16:06 of 1st period - Shot by Pavel Buchnevich. 16:06 of 1st period - Goal by Pavel Buchnevich - SPOKANE KNIGHTS : 2 - KELOWNA ROCKETS : 1. 16:07 of 1st period - J.T. Compher wins face-off versus Maxim Mamin in neutral zone. 16:28 of 1st period - Tanner Pearson is hit by Parker Kelly and loses puck. 16:32 of 1st period - Tanner Pearson is hit by Keegan Kolesar and loses puck. 16:42 of 1st period - Minor Penalty to Dmitri Orlov for Hooking. 16:43 of 1st period - Anthony Cirelli wins face-off versus Nick Foligno in KELOWNA ROCKETS zone. 17:09 of 1st period - Shot by Anthony Cirelli. 17:09 of 1st period - Shot Misses the Net. 17:56 of 1st period - Shot by Sebastian Aho. 17:56 of 1st period - Goal by Sebastian Aho - SPOKANE KNIGHTS : 3 - KELOWNA ROCKETS : 1. 17:57 of 1st period - Alexander Ovechkin wins face-off versus Maxim Mamin in neutral zone. 18:01 of 1st period - Auston Matthews is hit by Erik Brannstrom and loses puck. 18:25 of 1st period - Minor Penalty to Jonathon Merrill for Roughing. 18:26 of 1st period - Nick Foligno wins face-off versus Anthony Cirelli in KELOWNA ROCKETS zone. 19:19 of 1st period - Shot by Evan Bouchard. 19:19 of 1st period - Stopped by Craig Anderson without a rebound. 19:20 of 1st period - Anthony Cirelli wins face-off versus Sebastian Aho in KELOWNA ROCKETS zone. 19:31 of 1st period - Shot by Sebastian Aho. 19:31 of 1st period - Deflect By Tanner Pearson. 19:31 of 1st period - Stopped by Craig Anderson without a rebound. 19:32 of 1st period - Anthony Cirelli wins face-off versus Nick Foligno in KELOWNA ROCKETS zone. Goals for this period are 3 for SPOKANE KNIGHTS vs 1 for KELOWNA ROCKETS. Shots for this period are 14 for SPOKANE KNIGHTS vs 10 for KELOWNA ROCKETS. 2nd period 0:01 of 2nd period - Sebastian Aho wins face-off versus Anthony Cirelli in neutral zone. 0:38 of 2nd period - Shot by Auston Matthews. 0:38 of 2nd period - Shot Misses the Net. 0:40 of 2nd period - Shot by Mark Giordano. 0:40 of 2nd period - Shot Misses the Net. 0:42 of 2nd period - Shot by Auston Matthews. 0:42 of 2nd period - Shot Misses the Net. 0:44 of 2nd period - Shot by Jonathon Merrill. 0:44 of 2nd period - Shot Misses the Net. 1:00 of 2nd period - Shot by Auston Matthews. 1:00 of 2nd period - Stopped by Frederik Andersen without a rebound. 1:01 of 2nd period - Anthony Cirelli wins face-off versus Sebastian Aho in SPOKANE KNIGHTS zone. 1:44 of 2nd period - Shot by Valeri Nichushkin. 1:44 of 2nd period - Stopped by Frederik Andersen with a rebound. 2:14 of 2nd period - Shot by Nick Bjugstad. 2:14 of 2nd period - Stopped by Craig Anderson without a rebound. 2:15 of 2nd period - Parker Kelly wins face-off versus Luke Glendening in KELOWNA ROCKETS zone. 2:15 of 2nd period - Parker Kelly is hit by Nick Foligno. 2:28 of 2nd period - Off-side. 2:29 of 2nd period - Auston Matthews wins face-off versus Maxim Mamin in neutral zone. 2:32 of 2nd period - Tanner Pearson is hit by Auston Matthews and loses puck. 2:51 of 2nd period - Shot by Alexander Ovechkin. 2:51 of 2nd period - Shot Misses the Net. 3:16 of 2nd period - Adam Fox is hit by Michael Stone and loses puck. 3:33 of 2nd period - Shot by Luke Glendening. 3:33 of 2nd period - Shot Blocked by Adam Fox. 3:35 of 2nd period - Shot by Jimmy Vesey. 3:35 of 2nd period - Deflect By Luke Glendening. 3:35 of 2nd period - Stopped by Craig Anderson without a rebound. 3:36 of 2nd period - Anthony Cirelli wins face-off versus Sebastian Aho in KELOWNA ROCKETS zone. 3:36 of 2nd period - Anthony Cirelli is hit by Sebastian Aho. 4:13 of 2nd period - Minor Penalty to Erik Brannstrom for Boarding. 4:14 of 2n